 Dungeon Crawl Stone Soup version 0.28.0-53-g5a82cb258f (webtiles) character file.

Game seed: 14375987591597506549

72 Doot the Insei (level 4, -11/32 HPs)
             Began as a Djinni Transmuter on Aug 21, 2022.
             Mangled by a polar bear (15 damage)
             ... created by the rage of Trog
             ... on level 2 of the Dungeon.
             The game lasted 00:03:17 (3478 turns).

Doot the Insei (Djinni Transmuter)                  Turns: 3478, Time: 00:03:18

Health: -11/32     AC:  2    Str: 11    XL:     4   Next: 50%
Gold:   128        EV: 13    Int: 14    God:
                   SH:  0    Dex: 14

rFire   + + .      SeeInvis .     - Unarmed
rCold   x . .      Faith    .   (no shield)
rNeg    . . .      Spirit   .   a - +0 robe
rPois   ∞          Reflect  .   (no helmet)
rElec   .          Harm     .   (no cloak)
rCorr   .          Rampage  .   (no gloves)
Will    .....                   (boots unavailable)
Stlth   +.........              (no amulet)
HPRegen 0.10/turn               (no ring)
MPRegen 0.00/turn               (no ring)

@: flying
A: sickness immunity, fire resistance 2, cold vulnerability 1, float, innate
caster, HP casting, extra vitality 1
a: no special abilities


You were on level 2 of the Dungeon.
You visited 1 branch of the dungeon, and saw 3 of its levels.

You collected 128 gold pieces.

Inventory:

Missiles
 f - 7 stones
Armour
 a - a +0 robe (worn)
Scrolls
 c - a scroll of holy word {unknown}
 g - a scroll of fog {unknown}
Potions
 b - a potion of lignification {unknown}
 d - 4 potions of flight {unknown}
 e - a potion of mutation {unknown}
 h - a potion of heal wounds {unknown}


   Skills:
 + Level 1.0 Fighting
 + Level 3.4 Dodging
 + Level 0.5 Stealth
 * Level 3.7 Unarmed Combat
 - Level 2.1 Spellcasting


You couldn't memorise any spells.
You knew the following spells:

 Your Spells              Type           Power      Damage    Failure   Level
a - Beastly Appendage     Tmut           14%        N/A       10%         1
b - Wereblood             Tmut           7%         N/A       16%         2
c - Spider Form           Tmut/Pois      7%         N/A       30%         3
d - Ice Form              Ice/Tmut       7%         N/A       69%         4
e - Sandblast             Erth           14%        2d6       10%         1
Your spell library was empty.

Dungeon Overview and Level Annotations

Branches:
Dungeon (3/15)

Altars:
Trog


Innate Abilities, Weirdness & Mutations

You are immune to sickness and miasma.
You are immune to poison.
Your flesh is very heat resistant. (rF++)
You are vulnerable to cold. (rC-)
You float through the air rather than walking.
You learn spells naturally, not from books.
Your magical power is your life essence.
You have superior vitality. (+4 MHP)


Message History

You barely miss the adder.
The adder is moderately wounded.
The adder barely misses you.
You barely miss the adder.
The adder is moderately wounded.
The adder bites you but does no damage. The adder bites you.
You miss the adder. You headbutt the adder.
The adder is almost dead.
The adder bites you.
You hit the adder.
You kill the adder!
Your magical contamination has completely faded away.
You see here an adder corpse.
There is a stone staircase leading up here.
You start resting.
Your transformation is almost over.
Your horns disappear.
A bat comes into view.
A bat is nearby!
A bat is nearby!
You fly upwards.
There is a stone staircase leading down here.
You start resting.
Trog sends monsters to punish you. 5 polar bears come into view.
There are monsters nearby!
You fly downwards.
The bat hits you but does no damage.
There is a stone staircase leading up here.
Unknown command.
The bat barely misses you. The polar bear closely misses you.
The polar bear completely misses you. The polar bear claws you.
The polar bear closely misses you. The polar bear claws you.
The polar bear closely misses you. The polar bear bites you!
* * * LOW HITPOINT WARNING * * *
The polar bear claws you.
* * * LOW HITPOINT WARNING * * *
The polar bear claws you.
* * * LOW HITPOINT WARNING * * *
You fly upwards.
The polar bear bites you!
You die...

#..#.......#.#............##.##.
#..#.......#...#.....####.##.##.
#..#..###..#.....###..###.##^#..
#..#..'_#..#.##.## ##..##.##...#
#..#..###..#.##.# ##.##...#..#
#..#.......#.#..# #..###.#...
#..#.......#..)########.......#.
#..#########..bh.....#####....##
#.............h@h....# #..#...
#.............hh....)# #..###.
#....................#####....#.
#....................#.....##...
#............######.....######..
##...)..........# ###...........
##...##...####.#####)#########.
##.####### #..........)# #. #.#
#######)###.# ##.


You could see 5 polar bears and a bat.

Vanquished Creatures
  A gnoll (D:2)
  3 adders
  2 ball pythons
  3 endoplasms
  A giant cockroach (D:1)
  3 goblins
  A hobgoblin (D:2)
  3 jackals (D:1)
  6 bats
  3 frilled lizards (D:1)
  6 kobolds
  6 rats
38 creatures vanquished.

Notes
Turn   | Place    | Note
-------+----------+-------------------------------------------
     0 | D:1      | Doot the Djinni Transmuter began the quest for the Orb.
     0 | D:1      | Reached XP level 1. HP: 17/17 MP: 0/0
   515 | D:1      | Reached XP level 2. HP: 19/22 MP: 0/0
  1277 | D:1      | Reached XP level 3. HP: 19/27 MP: 0/0
  1277 | D:1      | Learned a level 1 spell: Sandblast
  2075 | D:2      | Reached XP level 4. HP: 24/32 MP: 0/0
  2506 | D:2      | Found a faded altar of an unknown god.
  2601 | D:2      | Prayed at the altar of an unknown god.
  2601 | D:2      | Became a worshipper of Trog the Wrathful
  2601 | D:2      | Reached * piety under Trog
  2602 | D:2      | Fell from the grace of Trog
  3475 | D:2      | Noticed a polar bear
  3475 | D:2      | Noticed a polar bear
  3475 | D:2      | Noticed a polar bear
  3475 | D:2      | Noticed a polar bear
  3475 | D:2      | Noticed a polar bear
  3478 | D:2      | Mangled by a polar bear

Illustrated notes

Levels and vault maps discovered:
D:1:      nagdon_arrival_zigzag_paths, layout_loops_ring,
          chequers_serial_rivers_small_3
D:2:      layout_rooms, hellmonk_ecumenical_altar_inner_sanctum,
          minmay_pentomino_q2
D:3:      layout_basic, bloody_makhleb, minivault_5

Skill      XL: |  1  2  3 |
---------------+----------+-----
Spellcasting   | 2 |  2.1
Dodging        | 3 |  3.4
Fighting       | |  1.0
Stealth        | |  0.5
Unarmed Combat | |  3.7

Action                   |  1- 3 |  4- 6 || total
-------------------------+-------+-------++-------
Melee: Unarmed           |    98 |    24 ||   122
       Headbutt          |    12 |     3 ||    15
       Punch             |     4 |       ||     4
 Cast: Beastly Appendage |    16 |     4 ||    20
       Sandblast         |     5 |     5 ||    10
       Wereblood         |     1 |       ||     1
Invok: Renounce Religion |       |     1 ||     1
Armor: Robe              |    22 |     7 ||    29
Dodge: Dodged            |    77 |    22 ||    99
